 Dungeon Crawl Stone Soup version 0.26-a0-812-g31a745ddcd (webtiles) character file.

Game seed: 10840608010389578815

111 tilp the Ruffian (level 4, 0/42 HPs)
             Began as an Ogre Transmuter on Dec 8, 2020.
             Killed from afar by Natasha (7 damage)
             ... with a magic dart
             ... on level 2 of the Dungeon.
             The game lasted 00:03:05 (2155 turns).

tilp the Ruffian (Ogre Transmuter)                  Turns: 2155, Time: 00:03:05

Health: 0/42       AC:  3    Str: 12 (14) XL:     4   Next: 92%
Magic:  7/7        EV: 10    Int: 12 (15) God:
Gold:   49         SH:  0    Dex:  7 (9)  Spells: 1/7 levels left

rFire    . . .     SeeInvis .     - Unarmed
rCold    . . .     Faith    .   (no shield)
rNeg     . . .     Spirit   .   a - +0 robe
rPois    .         Reflect  .   (helmet restricted)
rElec    .         Harm     .   (no cloak)
rCorr    .         Rampage  .   (gloves unavailable)
MR       .....                  (boots unavailable)
Stlth    +.........             (no amulet)
HPRegen  0.14/turn              (no ring)
MPRegen  0.10/turn              (no ring)

@: mighty, very slightly contaminated, invisible
A: large, unfitting armour, tough skin 1
a: no special abilities


You were on level 2 of the Dungeon.
You visited 1 branch of the dungeon, and saw 2 of its levels.

You collected 49 gold pieces.

Inventory:

Missiles
 c - 35 stones (quivered)
 k - 10 javelins
Armour
 a - a +0 robe (worn)
 g - a +0 buckler
Jewellery
 h - a cursed -4 ring of intelligence {unknown}
Scrolls
 b - a scroll of immolation {unknown}
 e - a scroll of random uselessness {unknown}
 i - a scroll of identify {unknown}
 j - a scroll of blinking {unknown}
 m - a scroll of magic mapping {unknown}


   Skills:
 - Level 2.0 Fighting
 - Level 1.7 Dodging
 + Level 1.3 Stealth
 + Level 4.4 Unarmed Combat
 - Level 2.4 Spellcasting
 - Level 2.0 Transmutations


You had one spell level left.
You knew the following spells:

 Your Spells              Type           Power        Failure   Level
a - Beastly Appendage     Tmut           #.....       12%         1
b - Wereblood             Tmut           #.......     17%         2
c - Spider Form           Tmut/Pois      #.........   45%         3

Your spell library contained the following spells:

 Spells                   Type           Power        Failure   Level
 Ice Form                 Ice/Tmut       #.......     86%         4
 Blade Hands              Tmut           #.........   97%         5


Dungeon Overview and Level Annotations

Branches:
Dungeon (2/15)

Altars:

Annotations:
D:2 1 runed translucent door, Crazy Yiuf, Natasha


Innate Abilities, Weirdness & Mutations

You are too large for most types of armour.
You have tough skin. (AC +1)


Message History

Natasha, Servant of Life and Death comes into view.
Found a ring mail.
Your horns disappear.
Your talons disappear.
Natasha stares at you and mumbles some strange words.
You resist with some effort.
Unknown command.
It was a potion of invisibility.
You fade into invisibility!
You are very lightly contaminated with residual magic.
It was a potion of degeneration.
There was something very wrong with that liquid.
You feel weakened.
You feel dopey.
You feel clumsy.
It was a potion of might.
You feel very mighty all of a sudden. Natasha misses you.
Unknown command.
You barely miss Natasha. Natasha casts a spell at you. The magic dart hits you!
You die...

.....#....>.[.#. #
!....# #...#
#.##..## #^#.
#.#....# #..#
#......### #.#.
###.#....####..#
###.##...<.##.#.
###...##.h#......#
#@h.###...........
#.### #...........
.... ##....#......
#[.... #.....##.....
##########..........
#.....#.##.
#....##.... ###
♣♣##....####..
#)..#♣♣
♣♣P...#..###...


You could see Natasha.

Vanquished Creatures
  Natasha (D:2)
  A worker ant (D:2)
  A gnoll (D:1)
  An adder (D:2)
  An ooze (D:2)
  A worm (D:2)
  A dart slug (D:1)
  A leopard gecko (D:1)
  2 bats (D:1)
  2 giant cockroaches
  7 goblins
  5 hobgoblins
  7 kobolds (D:1)
  3 rats (D:1)
34 creatures vanquished.

Vanquished Creatures (others)
  2 fungi (D:2)
2 creatures vanquished.

Grand Total: 36 creatures vanquished

Notes
Turn   | Place    | Note
-------+----------+-------------------------------------------
     0 | D:1      | tilp the Ogre Transmuter began the quest for the Orb.
     0 | D:1      | Reached XP level 1. HP: 19/19 MP: 3/3
   384 | D:1      | Reached XP level 2. HP: 28/28 MP: 3/5
   458 | D:1      | Reached skill level 3 in Unarmed Combat
  1002 | D:1      | Reached XP level 3. HP: 16/35 MP: 4/6
  1329 | D:1      | Learned a level 2 spell: Wereblood
  1333 | D:1      | Learned a level 3 spell: Spider Form
  1497 | D:2      | Reached skill level 4 in Unarmed Combat
  1591 | D:2      | Reached XP level 4. HP: 24/42 MP: 5/7
  1830 | D:2      | Found a runed translucent door.
  1831 | D:2      | Noticed Crazy Yiuf
  1867 | D:2      | Reached skill level 1 in Stealth
  2130 | D:2      | Noticed Natasha
  2143 | D:2      | Killed Natasha
  2144 | D:2      | Noticed Natasha
  2155 | D:2      | Killed from afar by Natasha

Illustrated notes

Levels and vault maps discovered:
D:1:      arrival_zaba_pyramid, layout_loops_corners
D:2:      layout_rooms, minivault_23, uniq_crazy_yiuf_cottage, uniq_natasha

Skill      XL: |  1  2  3  4 |
---------------+-------------+-----
Transmutations | 2 |  2.0
Fighting       | 2 |  2.0
Unarmed Combat | 3 4 |  4.4
Stealth        | 1 |  1.3
Dodging        | |  1.7
Spellcasting   | |  2.4

Action                   |  1- 3 |  4- 6 || total
-------------------------+-------+-------++-------
Melee: Unarmed           |   100 |    21 ||   121
       Kick              |    12 |     2 ||    14
       Headbutt          |    10 |     1 ||    11
       Punch             |     1 |       ||     1
Throw: Stone             |     4 |       ||     4
 Cast: Beastly Appendage |    24 |     3 ||    27
  Use: Potion            |       |     3 ||     3
Armor: Robe              |    37 |     1 ||    38
Dodge: Dodged            |    46 |     9 ||    55

Table legend: (Time is in decaauts)
 A = Elapsed time spent in this place.
 B = Non-inter-level travel time spent in this place.
 C = Inter-level travel time spent in this place.
 D = Time resting spent in this place.
 E = Time spent auto-exploring this place.
 F = Levels seen in this place.
 G = Mean time per level.
                   A        B        C        D        E       F      G
               +--------+--------+--------+--------+--------+-----+--------+
         Total |   2149 |   2120 |     29 |    701 |   1077 |   2 | 1074.5 |
       Dungeon |   2149 |   2120 |     29 |    701 |   1077 |   2 | 1074.5 |
               +--------+--------+--------+--------+--------+-----+--------+

Top non-repeatable levels by time:
     D:1: 1646 daAuts
     D:2: 502 daAuts
